 Dungeon Crawl Stone Soup version 0.29.0-11-gd7f09526c8 (webtiles) character file.

Game seed: 6004904009657081020

205051 concernfroge the Marksmummy (level 18, 0/140 HPs)
             Began as a Mummy Monk on Sept 5, 2022.
             Was an Elder of Okawaru.
             Shot with an arrow by a deep elf archer (11 damage)
             ... led by a deep elf high priest
             ... on level 1 of the Elven Halls.
             The game lasted 02:38:30 (40820 turns).

concernfroge the Marksmummy (Mummy Monk)           Turns: 40820, Time: 02:38:30

Health: 0/140      AC: 22    Str: 18    XL:     18   Next: 3%
Magic:  24/24      EV: 17    Int: 10    God:    Okawaru [****..]
Gold:   1762       SH:  0    Dex: 18    Spells: 17/17 levels left

rFire   . . .      SeeInvis +   a - +2 triple crossbow (freeze)
rCold   + . .      Faith    .   (shield currently unavailable)
rNeg    + + +      Spirit   .   H - +3 ring mail {rF+}
rPois   ∞          Reflect  .   e - +2 helmet
rElec   .          Harm     .   y - scarf {repulsion}
rCorr   .          Rampage  .   D - +2 pair of gloves
Will    +++..                   n - +2 pair of boots
Stlth   +.........              E - amulet of the acrobat
HPRegen 0.33/turn               w - ring of willpower
MPRegen 0.19/turn               M - ring of Propriety {rPois SInv}

@: studying Axes, repel missiles
A: cold resistance 1, negative energy resistance 3, torment resistance 2, heat
vulnerability 1, in touch with death 2, no potions
}: 1/15 runes: decaying
a: Renounce Religion, Heroism, Finesse


You were on level 1 of the Elven Halls.
You worshipped Okawaru.
Okawaru was greatly pleased with you.
You visited 7 branches of the dungeon, and saw 31 of its levels.
You also visited: Ice Cave.

You collected 2816 gold pieces.
You spent 1054 gold pieces at shops.

Inventory:

Hand Weapons
 a - a +2 triple crossbow of freezing (weapon)
 Q - a +1 vorpal hand crossbow
Missiles
 d - 21 javelins
 i - 38 poisoned darts
 k - 30 boomerangs
 B - 3 atropa-tipped darts
 F - 3 silver boomerangs
 S - 2 throwing nets
 Z - 2 silver javelins
Armour
 e - a +2 helmet (worn)
 n - a +2 pair of boots (worn)
 y - a scarf of repulsion (worn)
 D - a +2 pair of gloves (worn)
 H - a +3 ring mail of fire resistance (worn)
 R - a +0 pair of gloves of stealth
Jewellery
 b - a ring of protection from cold
 o - the ring of Fipn {rF+ rC- rN+ Str+4 Int+3}
   (You took it off a skeletal warrior on level 12 of the Dungeon)

   [ring of positive energy]

   Str:       It affects your strength (+4).
   Int:       It affects your intelligence (+3).
   rF:        It protects you from fire.
   rC:        It makes you vulnerable to cold.
   rN:        It protects you from negative energy.
 t - a ring of resist corrosion
 w - a ring of willpower (left hand)
 E - an amulet of the acrobat (around neck)
 G - a ring of flight
 M - the ring of Propriety (right hand) {rPois SInv}
   (You took it off a skeletal warrior on level 12 of the Dungeon)

   [ring of see invisible]

   rPois:     It protects you from poison.
   SInv:      It lets you see invisible.
 N - the ring of Uxzaed {*Slow Will+ Str+7}
   (You took it off an orc wizard on level 12 of the Dungeon)

   [ring of willpower]

   Str:       It affects your strength (+7).
   *Slow:     It may slow you when you take damage.
   Will:      It increases your willpower.
 P - the ring "Fisiko" {rPois rF+}
   (You found it on level 12 of the Dungeon)

   [ring of poison resistance]

   rF:        It protects you from fire.
   rPois:     It protects you from poison.
 T - a ring of ice
Wands
 m - a wand of mindburst (19)
 v - a wand of flame (63)
 z - a wand of light (1)
Scrolls
 c - a scroll of vulnerability
 f - a scroll of torment
 g - 3 scrolls of noise
 h - 5 scrolls of amnesia
 j - 3 scrolls of brand weapon
 p - 2 scrolls of poison
 q - a scroll of immolation
 u - a scroll of silence
 x - 7 scrolls of fog
 A - 2 scrolls of magic mapping
 O - 2 scrolls of teleportation
Miscellaneous
 I - a phial of floods (inert)
 J - a condenser vane (inert)
 W - a tin of tremorstones (1/2)


   Skills:
 - Level 12.0 Fighting
 - Level 2.4 Polearms
 - Level 18.0 Ranged Weapons
 + Level 4.6 Throwing
 - Level 16.0 Armour
 - Level 10.0 Dodging
 - Level 1.5 Stealth
 - Level 9.0 Invocations
 - Level 12.6 Evocations


You had 17 spell levels left.
You didn't know any spells.
Your spell library contained the following spells:

 Spells                   Type           Power      Damage    Failure   Level
 Apportation              Tloc           0%         N/A       50%         1
 Foxfire                  Conj/Fire      0%         2x1d4     50%         1
 Necrotise                Necr           0%         1d4       50%         1
 Blink                    Tloc           0%         N/A       63%         2
 Ensorcelled Hibernation  Hex/Ice        0%         N/A       63%         2
 Passwall                 Tmut/Erth      0%         N/A       63%         2
 Scorch                   Fire           0%         2d5       63%         2
 Static Discharge         Conj/Air       0%         3-3/arc   63%         2
 Conjure Flame            Conj/Fire      0%         6-21      86%         3
 Dazzling Flash           Conj/Hex       0%         N/A       86%         3
 Ignite Poison            Fire/Tmut/Pois 0%         N/A       86%         3
 Inner Flame              Hex/Fire       0%         N/A       86%         3
 Lesser Beckoning         Tloc           0%         N/A       86%         3
 Swiftness                Air            0%         N/A       86%         3
 Airstrike                Air            0%         2d(0-16)  99%         4
 Corpse Rot               Necr/Pois/Air  0%         N/A       99%         4
 Dispel Undead            Necr           0%         3d6       99%         4
 Flame Wave               Conj/Fire      0%         2d4       99%         4
 Iskenderun's Mystic Bla  Conj/Tloc      0%         2d3       99%         4
 Sticky Flame             Conj/Fire      0%         2d3       99%         4
 Agony                    Necr           0%         N/A       100%        5
 Manifold Assault         Tloc           0%         N/A       100%        5
 Silence                  Hex/Air        0%         N/A       100%        5
 Starburst                Conj/Fire      0%         6d3       100%        6
 Fire Storm               Conj/Fire      0%         5d1       100%        9
 Summon Small Mammal      Summ           Unusable   N/A       N/A         1
 Death Channel            Necr           Unusable   N/A       N/A         6
 Summon Cactus Giant      Summ           Unusable   N/A       N/A         6

Dungeon Overview and Level Annotations

Branches:
Dungeon (15/15)            Temple (1/1) D:7            Lair (5/5) D:10
  Swamp (4/4) Lair:3       Spider (3/4) Lair:3        Slime (0/5) Lair:4
    Orc (2/2) D:9             Elf (1/3) Orc:2        Vaults (0/5) D:13
 Depths (0/4) D:15          IceCv (visited)

Altars:
Ashenzari
Cheibriados
Dithmenos
Fedhas
Gozag
Hepliaklqana
Kikubaaqudgha
Makhleb
Nemelex Xobeh
Okawaru
Qazlal
Ru
Sif Muna
Trog
Uskayaw
Vehumet
Xom
Yredelemnul
Jiyva

Shops:
D:6 *:   D:15 !   Orc:2 *[((

Annotations:
D:3 Sigmund
D:5 2 transporters
D:12 2 runed translucent doors
Lair:1 1 runed translucent door
Lair:3 3 runed translucent doors, Wafazius's ghost, journeyman TrHW
Swamp:2 1 runed translucent door, Zoigrime's ghost, adept FoFi


Innate Abilities, Weirdness & Mutations

You are immune to poison.
Your flesh is cold resistant. (rC+)
You are immune to negative energy. (rN+++)
You are immune to unholy pain and torment.
You are vulnerable to heat. (rF-)
You are strongly in touch with the powers of death.
You do not drink.


Message History

The fire elemental is moderately damaged.
Your hands slow down.
Items here: ))) [ ††.
Items here: )) [ ††.
Aiming: Bolt of Light
Press: ? - help, Shift-Dir - straight line, f - fire elemental
Aim: a fire elemental (moderately damaged, 70% to hit)
The bolt of light hits the fire elemental!!
You destroy the fire elemental!
Okawaru accepts your kill.
Found a barding.
Found a flail.
Aiming: Bolt of Light
Press: ? - help, Shift-Dir - straight line, f - deep elf archer
Aim: a deep elf archer, wielding a +0 shortbow and wearing a +0 leather armour (lightly wounded, repelling missiles, 46% to hit)
The bolt of light hits the deep elf archer!!
The deep elf archer is severely wounded.
The deep elf archer is blinded.
You feel like a meek peon again.
The deep elf archer shoots an arrow.
The arrow closely misses you.
Fire: a) +2 triple crossbow (freeze)
Press: ? - help, Q - select action, (/) - cycle Shift-Dir - straight line, f/p - deep elf archer
Aim: a deep elf archer, wielding a +0 shortbow and wearing a +0 leather armour (severely wounded, repelling missiles, blind, 24% to hit)
You shoot a bolt.
The bolt closely misses the deep elf archer.
The deep elf archer shoots an arrow.
The arrow closely misses you.
The deep elf archer shoots an arrow.
The arrow closely misses you.
Fire: a) +2 triple crossbow (freeze)
Press: ? - help, Q - select action, (/) - cycle Shift-Dir - straight line, f/p - deep elf archer
Aim: a deep elf archer, wielding a +0 shortbow and wearing a +0 leather armour (severely wounded, repelling missiles, blind, 24% to hit)
You shoot a bolt.
The bolt closely misses the deep elf archer.
The deep elf archer shoots an arrow.
The arrow completely misses you.
Fire: a) +2 triple crossbow (freeze)
Press: ? - help, Q - select action, (/) - cycle Shift-Dir - straight line, f/p - deep elf archer
Aim: a deep elf archer, wielding a +0 shortbow and wearing a +0 leather armour (severely wounded, repelling missiles, blind, 24% to hit)
You shoot a bolt.
The bolt barely misses the deep elf archer.
The deep elf archer shoots an arrow.
The arrow hits you!
You die...

.........)).)#
#...#..)))...#
......e..)...#
##.####☼...)##
......#.°e).#
......###)#########
......
#.#.#....[#####
......
#°#.#.....'...)
..... #E#..#.@..#..
..... #)#).#..#.#
#○#...#...#
#.e...#...#
####...#....
....#.....
#..#..##....
...##...##.. ##.#
#.).


You could see a deep elf archer (repels missiles, blind).

Vanquished Creatures
  Nikola (Spider:3)
  Jorgrun (Spider:1)
  Rupert (D:15)
  Kirke (Lair:5)
  Donald (Orc:2)
  A thorn hunter (Swamp:4)
  A fenstrider witch (Swamp:3)
  A frost giant (D:15)
  An emperor scorpion (Lair:3)
  2 orc warlords (Orc:2)
  A ghost moth (Spider:2)
  Aizul (Lair:3)
  2 deep elf sorcerers (Elf:1)
  Louise (D:14)
  2 very ugly things (IceCv)
  3 eleionomae
  A deep elf annihilator (Elf:1)
  An entropy weaver (Spider:2)
  3 bunyips
  3 spark wasps
  A shambling mangrove (Swamp:4)
  An ettin (D:13)
  An ice dragon (D:13)
  A deep elf high priest (Elf:1)
  An ogre mage (D:12)
  3 jorogumos
  3 caustic shrike simulacra (IceCv)
  3 boulder beetles
  28 hydras
  5 catoblepae
  A radroach (Spider:3)
  6 alligators
  3 centaur warriors
  3 ghost crabs
  4 two-headed ogres
  A dancing weapon (Elf:1)
  4 tengu warriors (D:15)
  A spriggan berserker (Swamp:4)
  21 death yaks
  An orc high priest (Orc:2)
  8 deep elf knights
  Urug (Lair:3)
  8 spriggans
  5 skeletal warriors
  2 pharaoh ants
  3 goliath frogs
  4 steelbarb worms
  3 orb spiders
  3 spriggan druids
  13 swamp dragons
  2 orange crystal statues (IceCv)
  2 orc knights
  5 bog bodies (Swamp:4)
  3 wizards
  3 deep elf archers (Elf:1)
  7 deep elf pyromancers
  8 deep elf zephyrmancers
  An oklob plant (Lair:5)
  An orc sorcerer (Orc:2)
  11 wolf spiders
  7 will-o-the-wisps
  6 ugly things
  5 manticores
  7 cyclopes
  6 elephants
  7 black mambas
  Joseph (D:10)
  A torpor snail (Lair:3)
  11 centaur zombies (D:12)
  2 moths of wrath
  An unseen horror (D:12)
  2 gargoyles
  9 cane toads
  8 komodo dragons
  A yaktaur (D:12)
  An anaconda simulacrum (IceCv)
  10 demonic crawlers
  4 rime drakes
  6 freezing wraiths
  An efreet (D:12)
  A golden dragon simulacrum (IceCv)
  A meliai (shapeshifter) (D:13)
  A polar bear (Lair:4)
  9 tyrant leeches
  4 trolls
  10 hornets
  3 bloated husks (Swamp:1)
  A polar bear (shapeshifter) (D:14)
  11 tarantellas
  7 dream sheep (Lair:5)
  A raiju (shapeshifter) (D:13)
  9 slime creatures
  20 blink frogs
  A meliai zombie (D:12)
  22 jumping spiders
  An air elemental (Elf:1)
  2 dire elephant simulacra (IceCv)
  34 yaks
  10 culicivoras
  4 wyverns
  A shadow (D:12)
  3 wraiths
  A fire elemental (Elf:1)
  4 basilisks
  A yak (shapeshifter) (D:12)
  4 hogs (Lair:4)
  2 steam dragons (D:8)
  2 humans
  38 redbacks
  13 vampire mosquitoes
  3 wargs
  Edmund (D:5)
  2 harpy simulacra (IceCv)
  3 hydra simulacra (IceCv)
  An acid dragon (D:10)
  13 swamp worms
  14 water moccasins
  6 swamp drakes
  3 sky beasts
  32 orc warriors
  2 black bears
  2 alligator simulacra (IceCv)
  An ettin simulacrum (IceCv)
  9 ogres
  A boggart (Elf:1)
  45 wolves
  25 centaurs
  4 kobold brigands
  10 bullfrogs
  2 earth elementals (Elf:1)
  6 necrophages
  2 gnoll sergeants
  3 scorpions (D:5)
  7 wights
  16 killer bees (D:8)
  2 lindwurm simulacra (IceCv)
  6 howler monkeys
  2 electric eels
  16 orc priests
  2 gnoll boudas (D:7)
  2 hounds (D:5)
  5 jellies
  7 iguanas
  29 orc wizards
  3 adders
  15 gnolls
  2 shadow imps
  2 white imps
  An ufetubus (D:7)
  2 worms
  2 dart slugs (D:4)
  85 orcs
  2 ball pythons
  An endoplasm (D:1)
  2 giant cockroaches
  6 goblins
  2 hobgoblins
  6 jackals
  16 kobolds
  5 quokkas
  5 bats
  3 frilled lizards
  2 rats
977 creatures vanquished.

Vanquished Creatures (others)
  A wolf spider (Spider:3)
  An unseen horror (D:12)
  A bloated husk (Swamp:2)
  A tarantella (Spider:3)
  A culicivora (Spider:1)
  An orc wizard (D:4)
  5 bushes (Lair:5)
  8 foxfires
  68 fungi
  82 plants
169 creatures vanquished.

Grand Total: 1146 creatures vanquished

Notes
Turn   | Place    | Note
-------+----------+-------------------------------------------
     0 | D:1      | concernfroge the Mummy Monk began the quest for the Orb.
     0 | D:1      | Reached XP level 1. HP: 18/18 MP: 1/1
    54 | D:1      | Found a faded altar of an unknown god.
   529 | D:1      | Reached XP level 2. HP: 24/24 MP: 2/2
  1246 | D:2      | Gained mutation: You are in touch with the powers of death.
                  | [Mummy growth]
  1246 | D:2      | Reached XP level 3. HP: 30/30 MP: 3/3
  1768 | D:3      | Noticed Sigmund
  1977 | D:4      | Found an ancient bone altar of Kikubaaqudgha.
  2035 | D:4      | Reached skill level 5 in Fighting
  2035 | D:4      | Reached XP level 4. HP: 26/39 MP: 2/4
  2063 | D:4      | Reached XP level 5. HP: 16/46 MP: 3/5
  2645 | D:5      | Entered Level 5 of the Dungeon
  2647 | D:5      | Reached XP level 6. HP: 55/55 MP: 6/6
  2747 | D:5      | Found a transporter.
  2782 | D:5      | Found a transporter.
  2849 | D:5      | Reached XP level 7. HP: 56/62 MP: 5/7
  2885 | D:5      | Noticed Edmund
  2888 | D:5      | Killed Edmund
  3055 | D:5      | Found a broken altar of Ashenzari.
  3066 | D:5      | Noticed a wyvern
  3068 | D:5      | Killed a wyvern
  3250 | D:5      | Reached XP level 8. HP: 72/72 MP: 6/8
  3344 | D:5      | Reached skill level 10 in Fighting
  3347 | D:5      | Reached skill level 1 in Armour
  3610 | D:6      | Found a hazy altar of Hepliaklqana.
  3614 | D:6      | Found Koprom's Vocational Training.
  3986 | D:6      | Found Zin's Purification Station.
  4003 | D:6      | Found an opulent altar of Gozag.
  4137 | D:6      | Reached skill level 5 in Armour
  4940 | D:7      | Found a staircase to the Ecumenical Temple.
  4947 | D:7      | Reached XP level 9. HP: 78/78 MP: 9/9
  4963 | Temple   | Entered the Ecumenical Temple
  5024 | Temple   | Became a worshipper of Warmaster Okawaru
  5024 | Temple   | Reached * piety under Okawaru
  5024 | Temple   | Reached ** piety under Okawaru
  5098 | D:7      | Reached skill level 1 in Invocations
  5285 | D:7      | Found a bloodstained altar of Trog.
  5801 | D:8      | Reached skill level 10 in Armour
  6448 | D:8      | Reached skill level 5 in Invocations
  6449 | D:8      | Reached *** piety under Okawaru
  6576 | D:8      | Reached XP level 10. HP: 84/85 MP: 14/14
  7615 | D:9      | Found a staircase to the Orcish Mines.
  7883 | D:9      | Found a sacrificial altar of Ru.
  8444 | D:9      | Reached **** piety under Okawaru
  8766 | D:9      | Found a snail-covered altar of Cheibriados.
  9569 | D:10     | Entered Level 10 of the Dungeon
  9569 | D:10     | Noticed an elephant
  9569 | D:10     | Found a staircase to the Lair.
  9583 | D:9      | Killed an elephant
  9993 | D:9      | Identified a scroll of acquirement
  9994 | D:9      | Acquired a manual of Armour
 10023 | D:10     | Reached skill level 1 in Ranged Weapons
 10024 | D:10     | Reached ***** piety under Okawaru
 10031 | D:10     | Reached skill level 2 in Ranged Weapons
 10277 | D:10     | Noticed a cyclops
 10280 | D:10     | Killed a cyclops
 10343 | D:10     | Noticed Joseph
 10357 | D:10     | Reached XP level 11. HP: 61/90 MP: 17/17
 10358 | D:10     | Killed Joseph
 10363 | D:10     | Reached skill level 3 in Ranged Weapons
 11305 | D:11     | Noticed a two-headed ogre
 11308 | D:11     | Noticed an eight-headed hydra
 11328 | D:11     | Killed a two-headed ogre
 11329 | D:11     | Reached skill level 4 in Ranged Weapons
 11374 | D:11     | Killed an eight-headed hydra
 11374 | D:11     | Identified the +1 robe of the Sea {Contam rPois rN++ rCorr}
                  | (Okawaru gifted it to you on level 11 of the Dungeon)
 11374 | D:11     | Received a gift from Okawaru
 11375 | D:11     | Reached skill level 5 in Ranged Weapons
 11652 | D:11     | Noticed a two-headed ogre
 11661 | D:11     | Killed a two-headed ogre
 12313 | D:11     | Reached skill level 6 in Ranged Weapons
 12772 | Lair:1   | Entered Level 1 of the Lair of Beasts
 12772 | Lair:1   | Noticed a death yak
 12772 | Lair:1   | Noticed a death yak
 12772 | Lair:1   | Noticed a death yak
 12772 | Lair:1   | Noticed a death yak
 12772 | Lair:1   | Noticed a death yak
 12773 | Lair:1   | Noticed a death yak
 12788 | D:10     | Killed a death yak
 12789 | D:10     | Reached skill level 7 in Ranged Weapons
 13079 | D:10     | Killed a death yak
 13089 | D:10     | Killed a death yak
 13277 | D:10     | Killed a death yak
 13278 | D:10     | Reached skill level 8 in Ranged Weapons
 13281 | D:10     | Killed a death yak
 13430 | Lair:1   | Killed a death yak
 13431 | Lair:1   | Reached XP level 12. HP: 90/97 MP: 11/18
 13635 | Lair:1   | Reached skill level 9 in Ranged Weapons
 13760 | Lair:1   | Noticed a death yak
 13762 | Lair:1   | Noticed a death yak
 13790 | D:10     | Killed a death yak
 14060 | Lair:1   | Killed a death yak
 14063 | Lair:1   | Reached skill level 10 in Ranged Weapons
 14103 | Lair:1   | Noticed a death yak
 14122 | Lair:1   | Killed a death yak
 14473 | Lair:1   | You fall into a shaft and drop 1 floor!
 14489 | Lair:2   | Reached skill level 11 in Ranged Weapons
 15370 | Lair:2   | Reached skill level 12 in Ranged Weapons
 15807 | Lair:3   | Noticed Urug
 15814 | Lair:3   | Killed Urug
 15941 | Lair:3   | Received a gift from Okawaru
 15966 | Lair:3   | Noticed an eight-headed hydra
 15968 | Lair:3   | Gained mutation: You are strongly in touch with the powers
                  | of death. [Mummy growth]
 15968 | Lair:3   | Reached XP level 13. HP: 70/103 MP: 19/19
 15973 | Lair:3   | Found a hole to the Spider Nest.
 16365 | Lair:3   | Found a runed translucent gate.
 16388 | Lair:3   | Got the Folio of the Pyre and Conduction
 16445 | Lair:3   | Found a staircase to the Swamp.
 16525 | Lair:3   | Found a runed translucent gate.
 16525 | Lair:3   | Found a runed translucent gate.
 16525 | Lair:3   | Noticed Wafazius's ghost (journeyman TrHW)
 17303 | Lair:3   | Reached skill level 13 in Ranged Weapons
 17759 | Lair:4   | Noticed Kirke
 17775 | Lair:5   | Entered Level 5 of the Lair of Beasts
 17781 | Lair:5   | Killed Kirke
 18056 | Lair:5   | Reached skill level 14 in Ranged Weapons
 18796 | Lair:5   | Reached skill level 15 in Ranged Weapons
 19217 | Lair:5   | Reached XP level 14. HP: 110/110 MP: 20/20
 19988 | Lair:5   | Identified the +4 ring mail of the Storm King {Str+2}
                  | (Okawaru gifted it to you on level 5 of the Lair of Beasts)
 19988 | Lair:5   | Received a gift from Okawaru
 20022 | Lair:5   | Reached skill level 16 in Ranged Weapons
 20781 | Lair:4   | Found a staircase to the Slime Pits.
 20781 | Lair:4   | Found a viscous altar of Jiyva.
 21109 | Lair:1   | Found a runed translucent door.
 21637 | D:6      | Bought a manual of Evocations for 800 gold pieces
 21859 | D:12     | Reached skill level 1 in Evocations
 22104 | D:12     | Found a basalt altar of Yredelemnul.
 22413 | D:12     | Identified the ring of Uxzaed {*Slow Will+ Str+7}
 22421 | D:12     | Identified the ring of Fipn {rF+ rC- rN+ Str+4 Int+3}
 22438 | D:12     | Reached skill level 5 in Evocations
 22440 | D:12     | Identified the ring of Propriety {rPois SInv}
 22583 | D:12     | Found a runed translucent door.
 22589 | D:12     | Found a runed translucent door.
 22589 | D:12     | Found a runed translucent door.
 22590 | D:12     | Identified the ring "Fisiko" {rPois rF+}
 22605 | D:12     | Reached skill level 17 in Ranged Weapons
 22925 | D:12     | Received a gift from Okawaru
 22926 | D:12     | Reached XP level 15. HP: 84/115 MP: 21/21
 23131 | Orc:1    | Entered Level 1 of the Orcish Mines
 23396 | Orc:2    | Entered Level 2 of the Orcish Mines
 23425 | Orc:2    | Noticed Donald
 23499 | Orc:2    | Noticed an orc warlord
 23505 | Orc:2    | Killed an orc warlord
 23566 | Orc:2    | Found a staircase to the Elven Halls.
 23881 | Orc:2    | Found Bafac's General Store.
 23889 | Orc:2    | Bought a scroll of magic mapping for 112 gold pieces
 23939 | Orc:2    | Noticed an orc warlord
 23950 | Orc:2    | Killed an orc warlord
 24413 | Orc:2    | Killed Donald
 24909 | Orc:2    | Found Dasao's Antique Weapon Shop.
 25037 | Orc:2    | Found Hohuhoog's Antique Armour Emporium.
 25039 | Orc:2    | Found Icwoiria's Antique Weapon Shoppe.
 25093 | Orc:2    | Bought a scroll of torment for 142 gold pieces
 26126 | D:13     | Found a gate to the Vaults.
 26611 | D:14     | Noticed Louise
 26622 | D:14     | Killed Louise
 27262 | D:15     | Entered Level 15 of the Dungeon
 27545 | D:15     | Reached skill level 10 in Evocations
 27971 | D:15     | Found Exuom's Distillery.
 28471 | D:15     | Noticed Rupert
 28501 | D:15     | Killed Rupert
 28502 | D:15     | Reached skill level 18 in Ranged Weapons
 28635 | D:15     | Noticed a frost giant
 28647 | D:15     | Killed a frost giant
 28716 | D:15     | Found a staircase to the Depths.
 29013 | Swamp:1  | Entered Level 1 of the Swamp
 29500 | Swamp:1  | Received a gift from Okawaru
 29513 | Swamp:1  | Reached XP level 16. HP: 122/122 MP: 22/22
 30749 | Swamp:2  | Noticed Zoigrime's ghost (adept FoFi)
 30750 | Swamp:2  | Found a runed translucent door.
 31961 | Spider:1 | Entered Level 1 of the Spider Nest
 31961 | Spider:1 | Noticed Jorgrun
 31961 | Spider:1 | Noticed Aizul
 31970 | Spider:1 | Killed Jorgrun
 31989 | Lair:3   | Killed Aizul
 32695 | Lair:3   | Reached skill level 5 in Dodging
 34116 | Lair:3   | Reached skill level 15 in Armour
 36351 | Spider:2 | Identified the +7 rapier of Teklusuj {vamp, rPois MP+9
                  | Str+3}
 37615 | Spider:3 | Noticed Nikola
 37623 | Spider:3 | Killed Nikola
 37624 | Spider:3 | Reached XP level 17. HP: 120/128 MP: 15/23
 38472 | Swamp:4  | Entered Level 4 of the Swamp
 38821 | Swamp:4  | Found a frozen archway.
 38842 | IceCv    | Entered an ice cave
 38848 | IceCv    | Received a gift from Okawaru
 39736 | Swamp:4  | Reached skill level 10 in Dodging
 39740 | Swamp:4  | Received a gift from Okawaru
 40179 | Swamp:4  | Received a gift from Okawaru
 40399 | Swamp:4  | Got a decaying rune of Zot
 40644 | Elf:1    | Entered Level 1 of the Elven Halls
 40657 | Elf:1    | Paralysed by an air elemental for 1 turns
 40663 | Elf:1    | Reached skill level 1 in Throwing
 40794 | Elf:1    | Reached XP level 18. HP: 16/140 MP: 21/24
 40797 | Elf:1    | HP: 4/140 [deep elf annihilator/iron shot[a deep elf high
                  | priest] (13)]
 40820 | Elf:1    | Shot with an arrow by a deep elf archer

Illustrated notes

Levels and vault maps discovered:
D:1:      scummos_arrival_star, layout_basic, ebering_ecumenical_altar_webs
D:2:      layout_loops_ring
D:3:      layout_rooms, lemuel_doored_altar, uniq_grinder, uniq_robin,
          uniq_sigmund
D:4:      layout_basic, mainiacjoe_overflow_surrounded_room
D:5:      gammafunk_steamed_eel, layout_loops_ring,
          mainiacjoe_overflow_24_doors, ebering_dispersal_statue_hall,
          minmay_manual_mess, uniq_edmund
D:6:      layout_loops_corners, zin_purify, mainiacjoe_overflow_alcove_2,
          grunt_gozag_breadcrumbs, nicolae_shop_vocational
D:7:      layout_rooms, trog_antimagical, minmay_temple_entry_stoned_glass
D:8:      minmay_skewed_foursquare, layout_basic
D:9:      layout_stronghold, chei_slow_surprise, overflow_temple_1_default,
          nicolae_elyvilon_temple_path, david_orc_3
D:10:     layout_rooms, david_lair_generic, minivault_10, uniq_joseph
D:11:     layout_grid_maze
D:12:     minmay_the_grid_triangle_9x9_recursive_2_mashed
          [minmay_the_grid_triangle_9x9_prize_special,
          minmay_the_grid_triangle_9x9_sparse_checkered,
          minmay_the_grid_triangle_9x9_fully_insulated_deathbox,
          minmay_the_grid_triangle_9x9_zippers_vertical], layout_layer_cave,
          nicolae_yredelemnul_corpse_copse
D:13:     layout_cave_pools, david_vaults_4
D:14:     layout_grid_maze, bh_walls_and_bars, uniq_louise
D:15:     grunt_enter_depths_snipers, layout_irregular_city, serial_shops, shop,
          uniq_rupert
Temple:   nicolae_temple_x_marks_the_god
Lair:1:   dreamdust_labyrinth, layout_loops_ring, serial_bayou_shore_b
Lair:2:   layout_small_grid, grunt_forest_large_clearings
Lair:3:   layout_regular_city, minmay_swamp_entry_worms, spider_nest_entry_a,
          gammafunk_ghost_necromancy, serial_bayou_ford_a, uniq_urug
Lair:4:   layout_roguey, slime_entry_1, roderic_carrion_pond, uniq_kirke
Lair:5:   evilmike_catoblepas_cave, layout_loops_ring,
          chequers_serial_rivers_small_3, dpeg_oklob_1
Swamp:1:  nicolae_swamp_ascending_descending, layout_basic_swamp,
          infiniplex_staircase_pool_2
Swamp:2:  layout_falls_marsh, hellmonk_ghost_happy_afterlife,
          evilmike_swamp_ruin_house_5
Swamp:3:  layout_falls_marsh, hangedman_swamp_lotus
Swamp:4:  swamp_basic_johnstein, layout_basic_swamp,
          portal_ice_cave_entry_frozen_things, swamp_pool4
Spider:1: cheibrodos_forgotten_conduit, uniq_jorgrun, uniq_aizul
Spider:2: layout_chambers
Spider:3: layout_spider_delve, uniq_nikola
Orc:1:    layout_caves, serial_shops, basic_altar
Orc:2:    grunt_orc_community_town_hall, layout_diamond_mine,
          grunt_orc_community_big_house_1, grunt_orc_community_big_house_2,
          grunt_orc_community_house_3, grunt_orc_community_house_1,
          grunt_orc_community_house_3, grunt_orc_community_house_1,
          grunt_orc_community_house_3, nicolae_orc_lava_room, uniq_donald
Elf:1:    layout_loops_cross, hangedman_elf_disciples, uniq_roxanne

Skill      XL: |  1  2  3  4  5  6  7  8  9 10 11 12 13 14 15 16 17 |
---------------+----------------------------------------------------+-----
Fighting       | 4 5 6 7 8 9 10 12 | 12.0
Armour         | 8 10 12 13 15 16 | 16.0
Invocations    | 6 8 9 |  9.0
Ranged Weapons | 2 8 12 15 17 18 | 18.0
Evocations     | 6 11 12 | 12.6
Dodging        | 7 10 | 10.0
Throwing       | 4 |  4.6
Polearms       | |  2.4
Stealth        | |  1.5

Action                   |  1- 3 |  4- 6 |  7- 9 | 10-12 | 13-15 | 16-18 || total
-------------------------+-------+-------+-------+-------+-------+-------++-------
Melee: Spear             |   143 |     6 |       |       |       |       ||   149
       Punch             |     1 |       |       |       |       |       ||     1
       Halberd           |       |    47 |   183 |    18 |       |       ||   248
       Arbalest          |       |       |       |     2 |       |       ||     2
       Great sword       |       |       |       |     5 |       |       ||     5
 Fire: Arbalest          |       |       |       |   558 |       |       ||   558
       Triple crossbow   |       |       |       |    10 |  1050 |   853 ||  1913
Throw: Boomerang         |    14 |     3 |       |     2 |       |       ||    19
       Dart              |     5 |       |     5 |    17 |    16 |     5 ||    48
       Javelin           |     4 |       |       |       |       |       ||     4
       Throwing net      |       |       |     1 |     3 |     3 |       ||     7
Invok: Heroism           |       |       |     3 |    17 |    48 |    67 ||   135
       Finesse           |       |       |       |    10 |    32 |    21 ||    63
Evoke: Wand              |       |       |       |    18 |    10 |    21 ||    49
       Condenser vane    |       |       |       |       |     2 |     4 ||     6
       Phial of floods   |       |       |       |       |       |     5 ||     5
       Tin of tremorston |       |       |       |       |       |     4 ||     4
  Use: Scroll            |     8 |     1 |     5 |    17 |    16 |    18 ||    65
 Stab: Distracted        |       |       |     2 |       |       |       ||     2
Armor: Ring mail         |    56 |    15 |       |   274 |   396 |   412 ||  1153
       Chain mail        |       |     8 |     7 |       |       |       ||    15
       Scale mail        |       |       |    80 |   129 |       |       ||   209
Dodge: Dodged            |    74 |    14 |   106 |   611 |   494 |   651 ||  1950
       Repelled          |       |       |       |       |       |     2 ||     2
